 Dungeon Crawl Stone Soup version 0.31.0-2-g5a2aebc5c2 (webtiles) character file.

Game seed: 17667968452162354399

11258 Strat the Carver (level 11, -1/73 HPs)
             Began as a Tengu Delver on Jan 20, 2024.
             Was a High Priest of Okawaru.
             Slain by a boulder beetle (40 damage)
             ... on level 2 of the Lair of Beasts.
             The game lasted 00:37:24 (12482 turns).

Strat the Carver (Tengu Delver)                    Turns: 12482, Time: 00:37:24

Health: -1/73      AC:  8    Str: 12    XL:     11   Next: 74%
Magic:  0/12       EV: 24    Int: 11    God:    Okawaru [*****.]
Gold:   822        SH:  0    Dex: 20    Spells: 7/10 levels left

rFire   . . .        b - +4 scimitar (flame)
rCold   . . .        (no shield)
rNeg    . . .        l - +0 ring mail
rPois   +            (helmet restricted)
rElec   .            t - +0 cloak
rCorr   .            (no gloves)
SInv    .            (boots unavailable)
Will    .....        k - amulet of guardian spirit
Stlth   +++          n - +5 ring of evasion
HPRegen 0.32/turn    m - ring of poison resistance
MPRegen 0.13/turn

%: acrobat, guardian spirit
@: flying, hasted and slowed
A: beak, talons 3, evasive flight, acrobatic
a: Renounce Religion, Heroism, Finesse, Duel


You were on level 2 of the Lair of Beasts.
You worshipped Okawaru.
Okawaru was extremely pleased with you.
You visited 4 branches of the dungeon, and saw 18 of its levels.

You collected 822 gold pieces.

Inventory:

Hand Weapons
 b - a +4 scimitar of flaming (weapon)
 e - a +1 orcbow of flaming
 p - a +0 great sword
Missiles
 d - a datura-tipped dart (quivered)
Armour
 l - a +0 ring mail (worn)
 t - a +0 cloak (worn)
Magical Staves
 i - a staff of cold
Jewellery
 a - an amulet of regeneration
 k - an amulet of guardian spirit (around neck)
 m - a ring of poison resistance (right hand)
 n - a +5 ring of evasion (left hand)
 w - an amulet of magic regeneration
Wands
 g - a wand of digging (3)
 y - a wand of roots (9)
 D - a wand of flame (31)
Scrolls
 c - 2 scrolls of fog
 s - a scroll of poison
 v - 4 scrolls of teleportation
Potions
 h - a potion of resistance {unknown}
 j - 3 potions of ambrosia
 o - 2 potions of brilliance
 r - a potion of lignification
 u - a potion of invisibility
 A - 3 potions of curing
 C - 2 potions of enlightenment


   Skills:
 + Level 10.5 Fighting
 - Level 12.5 Long Blades
 + Level 8.0 Armour
 + Level 8.4 Dodging
 - Level 5.0 Stealth


You had 7 spell levels left.
You knew the following spells:

 Your Spells              Type           Power      Damage    Failure   Level
a - Apportation           Tloc           0%         N/A       56%         1
b - Blink                 Tloc           0%         N/A       71%         2

Your spell library contained the following spells:

 Spells                   Type           Power      Damage    Failure   Level
 Necrotise                Necr           0%         1d4       56%         1
 Sandblast                Erth           0%         2d4       56%         1
 Sting                    Conj/Alch      0%         1d3       56%         1
 Lesser Beckoning         Tloc           0%         N/A       71%         2
 Momentum Strike          Conj/Tloc      0%         3d8       71%         2
 Gell's Gravitas          Tloc           0%         N/A       91%         3
 Passwall                 Erth           0%         N/A       91%         3
 Stone Arrow              Conj/Erth      0%         3d7       91%         3
 Teleport Other           Tloc           0%         N/A       91%         3
 Brom's Barrelling Bould  Conj/Erth      0%         2d3       100%        4
 Leda's Liquefaction      Alch/Erth      0%         N/A       100%        4
 Lee's Rapid Deconstruct  Erth           0%         3d4*      100%        5
 Bombard                  Conj/Erth      0%         9d1       100%        6
 Dispersal                Tloc           0%         N/A       100%        6
 Summon Small Mammal      Summ           Unusable   N/A       N/A         1
 Animate Armour           Summ/Erth      Unusable   N/A       N/A         4
 Summon Lightning Spire   Summ/Air       Unusable   N/A       N/A         4

Dungeon Overview and Level Annotations

Branches:
Dungeon (12/15)            Temple (1/1) D:6            Lair (3/5) D:9
    Orc (2/2) D:12
  Swamp: Lair:2-3    Shoals: Lair:2-3     Snake: Lair:2-3    Spider: Lair:2-3
    Elf: Orc:2

Altars:
Ashenzari
Cheibriados
Dithmenos
Elyvilon
Fedhas
Gozag
Hepliaklqana
Kikubaaqudgha
Makhleb
Nemelex Xobeh
Okawaru
Qazlal
Ru
Sif Muna
Trog
Uskayaw
Vehumet
Wu Jian
Xom
Yredelemnul
Zin
The Shining One

Shops:
D:4 (

Annotations:
D:10 Sonja
D:12 Josephine
Orc:1 Jorgrun


Innate Abilities, Weirdness & Mutations

You have a beak for a mouth.
You have claws for feet.
Your magical flight helps you evade attacks. (EV +4)
You can magically evade attacks while moving or waiting.


Message History

You barely miss the bog body. You claw the bog body! You peck the bog body.
The bog body is almost destroyed.
The bog body misses you. The boulder beetle barely misses you.
You slash the bog body! You burn the bog body.
You destroy the bog body!
Okawaru is honoured by your kill.
The boulder beetle completely misses you.
Your Armour skill increases to level 8!
You hit the boulder beetle. You burn the boulder beetle.
You claw the boulder beetle, but do no damage.
You peck the boulder beetle, but do no damage.
The boulder beetle is lightly wounded.
The boulder beetle barely misses you.
You hit the boulder beetle but do no damage.
You claw the boulder beetle, but do no damage.
You peck the boulder beetle, but do no damage.
You punch the boulder beetle, but do no damage.
The boulder beetle is lightly wounded.
The boulder beetle leaps!
The boulder beetle leaps!
The boulder beetle curls into a ball and begins rolling!
Aiming: Fastroot
Press: ? - help, Shift-Dir - straight line, f - boulder beetle
Aim: a boulder beetle (rolling)
The roots erupt in riotous growth!
Roots grab the boulder beetle.
The grasping roots constrict the boulder beetle, but do no damage.
The boulder beetle struggles to escape constriction. x2
The boulder beetle escapes!
Aiming: Fastroot
Press: ? - help, Shift-Dir - straight line, f/p - boulder beetle
Aim: a boulder beetle (rolling)
The roots erupt in riotous growth!
Roots grab the boulder beetle.
The grasping roots constrict the boulder beetle.
The boulder beetle struggles to escape constriction. x2
The boulder beetle escapes!
You feel yourself speed up. The boulder beetle hits you!!!
Ouch! That really hurt!
You die...

#...#### ..
####.....######## ...
###...............#..
##.........##..#.#...
##.........P####.#.#
P...........# #...##
.....°.>†..####....##
......○....##P....<.#
#P.....○B@#.##.........#
##.......###..........##
#.#.....## #..........#
# ##....# ...........(#
#.##..# #...........# ##
#### ............
............#


You could see a boulder beetle (rolling).

Vanquished Creatures
  A two-headed ogre (D:9)
  Erica (D:11)
  A bog body (Lair:2)
  A cyclops (D:12)
  An ugly thing (D:12)
  A cane toad (Lair:3)
  A rime drake (Lair:3)
  2 komodo dragons
  A polar bear (Lair:3)
  A troll (D:10)
  4 shadows
  2 wraiths
  10 yaks
  2 steam dragons
  3 vampire mosquitoes (D:10)
  A two-headed ogre zombie (D:12)
  A water moccasin (D:5)
  An acid dragon (D:6)
  Duvessa (D:5)
  2 ice beasts
  An orc warrior (D:9)
  2 black bears
  3 ogres
  11 centaurs
  2 phantoms (D:5)
  A kobold brigand (D:7)
  3 bullfrogs
  3 scorpions
  2 troll zombies (D:12)
  10 killer bees (D:7)
  9 howler monkeys
  A gnoll bouda (D:10)
  6 orc priests
  A bombardier beetle (D:4)
  4 hounds
  2 sleepcaps
  2 iguanas
  7 orc wizards
  4 ogre zombies (D:12)
  6 gnolls
  4 adders
  A shadow imp (D:7)
  4 white imps
  4 ufetubi (D:6)
  2 dart slugs (D:1)
  30 orcs
  9 ball pythons
  8 endoplasms
  3 giant cockroaches
  3 gnoll zombies (D:12)
  5 goblins
  4 hobgoblins
  4 jackals
  21 kobolds
  4 quokkas
  4 bats
  3 frilled lizards
  3 gnoll skeletons (D:12)
  5 orc skeletons (D:12)
  9 orc zombies (D:12)
  10 rats
  A spectral orc (D:5)
259 creatures vanquished.

Notes
Turn   | Place    | Note
-------+----------+-------------------------------------------
     0 | D:5      | Strat the Tengu Delver began the quest for the Orb.
     0 | D:5      | Reached XP level 1. HP: 14/14 MP: 2/2
    24 | D:5      | Noticed a phantom
    45 | D:5      | Noticed Dowan
    51 | D:5      | Noticed an iguana
    53 | D:5      | Noticed an ogre
    66 | D:5      | Noticed a scorpion
   170 | D:4      | Found Veveod's Antique Weapon Boutique.
   214 | D:1      | Reached XP level 2. HP: 19/19 MP: 3/3
   449 | D:1      | Reached skill level 3 in Long Blades
   452 | D:1      | Reached XP level 3. HP: 19/23 MP: 4/4
  1596 | D:2      | Reached XP level 4. HP: 24/29 MP: 3/5
  1656 | D:2      | Found a faded altar of an unknown god.
  1812 | D:3      | Identified the +0 scale mail of the Merwolf {Harm rC+ Will-
                  | Int+4}
  1988 | D:3      | Noticed an ogre
  2048 | D:3      | Reached skill level 4 in Long Blades
  2585 | D:4      | Reached XP level 5. HP: 32/33 MP: 6/6
  2827 | D:3      | Reached skill level 5 in Long Blades
  3024 | D:4      | Reached XP level 6. HP: 39/39 MP: 7/7
  3151 | D:4      | Found a sparkling altar of Nemelex Xobeh.
  3201 | D:4      | Found a broken altar of Ashenzari.
  3330 | D:5      | Reached skill level 6 in Long Blades
  3386 | D:5      | Found a hazy altar of Hepliaklqana.
  3503 | D:5      | Reached skill level 5 in Fighting
  3503 | D:5      | Gained mutation: Your magical flight helps you evade
                  | attacks. (EV +4) [Tengu growth]
  3503 | D:5      | Reached XP level 7. HP: 44/44 MP: 8/8
  3608 | D:5      | Found an ancient bone altar of Kikubaaqudgha.
  3874 | D:5      | Reached skill level 7 in Long Blades
  3931 | D:5      | Found an iron altar of Okawaru.
  4093 | D:6      | Found a stormy altar of Qazlal.
  4553 | D:6      | Found an ornate altar of the Wu Jian Council.
  4728 | D:6      | Reached XP level 8. HP: 51/51 MP: 9/9
  4744 | D:6      | Reached skill level 8 in Long Blades
  4990 | D:6      | Found a blossoming altar of Fedhas.
  5032 | D:6      | Found a staircase to the Ecumenical Temple.
  5038 | Temple   | Entered the Ecumenical Temple
  5105 | D:5      | Became a worshipper of Warmaster Okawaru
  5596 | D:7      | Reached skill level 9 in Long Blades
  6147 | D:7      | Reached * piety under Okawaru
  6444 | D:7      | Reached skill level 10 in Long Blades
  6444 | D:7      | Reached XP level 9. HP: 55/57 MP: 10/10
  6893 | D:8      | Reached skill level 1 in Armour
  7020 | D:7      | Reached ** piety under Okawaru
  7183 | D:8      | Found a white marble altar of Elyvilon.
  7344 | D:8      | Found an opulent altar of Gozag.
  7545 | D:6      | Found a radiant altar of Vehumet.
  7546 | D:6      | Found a glowing golden altar of the Shining One.
  7621 | D:5      | Noticed Duvessa
  7662 | D:5      | Reached skill level 11 in Long Blades
  7670 | D:5      | Killed Duvessa
  7672 | D:5      | Dowan changed into Dowan the hobgoblin
  7672 | D:5      | Noticed Dowan
  7676 | D:5      | Killed Dowan the hobgoblin
  8214 | D:10     | Entered Level 10 of the Dungeon
  8266 | D:10     | Noticed a troll
  8276 | D:10     | Killed a troll
  8276 | D:10     | Reached *** piety under Okawaru
  8381 | D:9      | Noticed a two-headed ogre
  8386 | D:9      | Reached XP level 10. HP: 64/64 MP: 11/11
  8622 | D:9      | Found a staircase to the Lair.
  8663 | D:9      | Killed a two-headed ogre
  8664 | D:9      | Reached skill level 12 in Long Blades
  8820 | D:9      | Found a bloodstained altar of Trog.
  9306 | D:9      | Reached skill level 5 in Dodging
  9417 | D:10     | Noticed Sonja
  9469 | D:10     | Reached **** piety under Okawaru
  9968 | D:11     | Noticed Erica
 10114 | D:11     | Noticed a cyclops
 10156 | D:11     | Identified the +9 short sword of Dawn {holy, rF++}
 10262 | D:11     | Noticed a boulder beetle
 10334 | D:11     | a boulder beetle changed into a goliath frog
 10334 | D:11     | Noticed a goliath frog
 10370 | D:10     | Reached skill level 5 in Armour
 10513 | D:11     | HP: 3/65 [komodo dragon (23)]
 11228 | D:11     | Reached XP level 11. HP: 36/71 MP: 6/12
 11386 | D:11     | Killed Erica
 11386 | D:11     | Reached ***** piety under Okawaru
 11408 | D:12     | Noticed a boulder beetle
 11555 | D:12     | Found a staircase to the Orcish Mines.
 11618 | D:12     | Noticed a purple ugly thing
 11619 | D:12     | Noticed Josephine
 11675 | D:12     | Killed a purple ugly thing
 11689 | D:12     | Noticed a cyclops
 11706 | D:12     | Killed a cyclops
 11706 | D:12     | Received a gift from Okawaru
 11750 | D:12     | Reached skill level 10 in Fighting
 11851 | Orc:1    | Entered Level 1 of the Orcish Mines
 11865 | Orc:1    | Noticed Jorgrun
 11919 | Orc:2    | Entered Level 2 of the Orcish Mines
 11919 | Orc:2    | Noticed an orc knight
 12008 | Lair:1   | Entered Level 1 of the Lair of Beasts
 12018 | Lair:1   | Learned a level 1 spell: Apportation
 12021 | Lair:1   | Learned a level 2 spell: Blink
 12411 | Lair:3   | Noticed a bog body
 12435 | Lair:3   | Noticed a boulder beetle
 12475 | Lair:2   | Killed a bog body
 12482 | Lair:2   | Slain by a boulder beetle

Illustrated notes

Levels and vault maps discovered:
D:1:      evilmike_arrival_crescent, layout_basic, serial_forest,
          infiniplex_forest_clump_curved, infiniplex_forest_clump_small,
          infiniplex_forest_end_3, infiniplex_forest_lined_room_2,
          infiniplex_forest_straight_5, infiniplex_forest_clump_curved,
          infiniplex_forest_clump_curved, chequers_big_river,
          minmay_misc_feat_encased
D:2:      layout_basic, hellmonk_ecumenical_altar_inner_sanctum
D:3:      layout_basic, minmay_checkerbox
D:4:      layout_basic, lemuel_doored_altar, ashenzari_conservatory_becter,
          serial_shops, nicolae_shop_waterfront
D:5:      layout_cave_pools, mainiacjoe_overflow_surrounded_room,
          nicolae_hepliaklqana_monster_ancestors, general_overflow_altar,
          uniq_duvessa
D:6:      layout_loops_ring, grunt_qazlal_clouds,
          nicolae_wu_jian_immortal_techniques, lemuel_coloured_pillars_altar,
          nicolae_overflow_two_pavilions, minmay_temple_entry_fiery
D:7:      layout_rooms
D:8:      layout_rooms, mainiacjoe_overflow_alcove_2,
          nicolae_elyvilon_temple_path
D:9:      layout_gridville, trog_book, lair_entry_dummy
D:10:     layout_rooms, uniq_sonja
D:11:     layout_loops_ring, minmay_unpleasant_kobolds, uniq_erica
D:12:     layout_rooms, zombieorc2_lemuel, vehumet_altar_wand_db, uniq_psyche,
          uniq_josephine
Temple:   grunt_temple_mini_profane
Lair:1:   layout_regular_city
Lair:2:   layout_cave_pods, minmay_snake_entry_guardpost_small,
          infiniplex_staircase_pool_2
Lair:3:   layout_roguey, skrybe_swamp_entry_bodies, st_stairs_6,
          chequers_serial_rivers_micro_b, nzn_random_ring
Orc:1:    layout_diamond_mine, guppyfry_orc_lava_fort, uniq_jorgrun
Orc:2:    st_orc_congregation, layout_diamond_mine, serial_shops,
          nicolae_book_shop_shelving

Skill      XL: |  1  2  3  4  5  6  7  8  9 10 11 |
---------------+----------------------------------+-----
Long Blades    | 3 4 5 6 7 10 11 12 | 12.5
Fighting       | 4 5 7 8 9 10 | 10.5
Armour         | 3 6 8 |  8.0
Dodging        | 4 6 8 |  8.4
Stealth        | |  5.0

Action                     |  1- 3 |  4- 6 |  7- 9 | 10-12 || total
---------------------------+-------+-------+-------+-------++-------
  Melee: Falchion          |    41 |       |       |       ||    41
         Kick              |    18 |    24 |    72 |    68 ||   182
         Peck              |     4 |    13 |    44 |    56 ||   117
         Great sword       |    15 |    92 |   239 |   110 ||   456
         Scimitar          |       |       |       |   122 ||   122
         Punch             |       |       |       |     2 ||     2
  Evoke: Wand              |       |     3 |    12 |    14 ||    29
    Use: Scroll            |       |       |    15 |     9 ||    24
         Potion            |       |       |     1 |     7 ||     8
   Stab: Sleeping          |     9 |     3 |     4 |     4 ||    20
         Distracted        |       |       |     1 |     1 ||     2
         Invisible         |       |       |       |     4 ||     4
 Armour: Leather armour    |     4 |       |       |       ||     4
         Ring mail         |    10 |    32 |   131 |    80 ||   253
  Dodge: Dodged            |    37 |   128 |   296 |   272 ||   733
